 Dungeon Sprint DCSS version 0.29-a0-1033-gb6c65ffae6 (webtiles) character file.

Game seed: 9585100943377343732

1469 mhtbhm the Eclecticist (level 8, -7/41 HPs)
             Began as a Deep Elf Fire Elementalist on Aug 14, 2022.
             Was a Priest of Vehumet.
             Mangled by a two-headed ogre
             ... wielding a +0 giant spiked club
              (14 damage)
             ... in the Dungeon (Sprint III: "The Ten Rune Challenge").
             The game lasted 00:06:18 (1842 turns).

mhtbhm the Eclecticist (Deep Elf Fire Elementalist) Turns: 1842, Time: 00:06:19

Health: -7/41      AC:  3    Str:  5    XL:     8   Next: 49%
Magic:  21/29      EV: 14    Int: 23    God:    Vehumet [***...]
Gold:   49         SH:  4    Dex: 15    Spells: 21/37 levels left

rFire   . . .      SeeInvis .   h - +3 quarterstaff (chaos)
rCold   . . .      Faith    .   (shield currently unavailable)
rNeg    . . .      Spirit   .   a - +0 robe
rPois   .          Reflect  .   (no helmet)
rElec   .          Harm     .   d - +0 cloak {rCorr}
rCorr   +          Rampage  .   (no gloves)
Will    +....      NoTele   +   (no boots)
Stlth   +++.......              (no amulet)
HPRegen 0.13/turn               (no ring)
MPRegen 0.21/turn               (no ring)

@: no status effects
A: large bone plates 1, strong-willed 1
a: Renounce Religion


You were in the Dungeon.
You worshipped Vehumet.
Vehumet was most pleased with you.
You visited 1 branch You collected 49 gold pieces.

Inventory:

Hand Weapons
 h - a +3 quarterstaff of chaos (weapon)
Armour
 a - a +0 robe (worn)
 d - a +0 cloak of preservation (worn)
Scrolls
 g - a scroll of blinking
 i - a scroll of poison {unknown}
 j - 3 scrolls of identify
 l - a scroll of immolation {unknown}
Potions
 b - 2 potions of magic
 c - 2 potions of curing
 f - a potion of berserk rage
 k - 2 potions of flight {unknown}
 m - a potion of heal wounds
 n - 2 potions of mutation
Miscellaneous
 o - a piece from Xom's chessboard (15/15)


   Skills:
 + Level 5.8 Dodging
 + Level 6.0 Stealth
 + Level 0.2 Shields
 + Level 15.0 Spellcasting
 + Level 6.5 Conjurations
 + Level 0.3 Transmutations
 + Level 13.9 Fire Magic
 + Level 0.4 Earth Magic


You had 21 spell levels left.
You knew the following spells:

 Your Spells              Type           Power      Damage    Failure   Level
a - Foxfire               Conj/Fire      100%       2x1d9     1%          1
b - Scorch                Fire           100%       2d10      0%          2
c - Conjure Flame         Conj/Fire      59%        6-21      1%          3
d - Inner Flame           Hex/Fire       49%        N/A       1%          3
e - Flame Wave            Conj/Fire      59%        2d14      1%          4
f - Wereblood             Tmut           18%        N/A       4%          2
g - Sandblast             Erth           38%        2d10      1%          1

Your spell library contained the following spells:

 Spells                   Type           Power      Damage    Failure   Level
 Static Discharge         Conj/Air       32%        3-7/arc   1%          2
 Sublimation of Blood     Necr           17%        N/A       4%          2
 Summon Hydra             Summ           8%         N/A       100%        7


Dungeon Overview and Level Annotations

Branches:
Dungeon (1/1)

Altars:
Cheibriados
Dithmenos
Elyvilon
Fedhas
Gozag
Hepliaklqana
Kikubaaqudgha
Makhleb
Nemelex Xobeh
Okawaru
Qazlal
Ru
Sif Muna
Trog
Uskayaw
Vehumet
Wu Jian
Xom
Yredelemnul
Zin
The Shining One
Jiyva
Lugonu


Innate Abilities, Weirdness & Mutations

You are partially covered in large bone plates. (SH +4)
You are strong-willed. (Will+)


Message History

You start resting.
You feel yourself slow down.
You start resting.
HP restored.
You start resting.
You start resting.
You start resting.
Magic restored.
There is an open door here.
Things that are here:
a +0 giant club; a +0 giant spiked club; a two-headed ogre corpse
There is an open door here.
A two-headed ogre comes into view.
It is wielding a +0 giant spiked club and a +0 giant club.
Casting: Scorch (safe; 0% risk of failure)
Confirm with . or Enter, or press ? or * to list all spells.
Okay, then.
Casting: Scorch (safe; 0% risk of failure)
Confirm with . or Enter, or press ? or * to list all spells.
Flames lash the two-headed ogre.
The two-headed ogre shouts in stereo!
The two-headed ogre is lightly wounded.
The two-headed ogre's fire resistance burns away.
Casting: Scorch (safe; 0% risk of failure)
Confirm with . or Enter, or press ? or * to list all spells.
Flames lash the two-headed ogre.
The two-headed ogre is burned terribly!
The two-headed ogre is moderately wounded.
Casting: Scorch (safe; 0% risk of failure)
Confirm with . or Enter, or press ? or * to list all spells.
Casting: Flame Wave (safe; 1% risk of failure)
Press: ? - help, Dir - look around, f - activate A wave of flame ripples out!
The flame wave engulfs the two-headed ogre!!
The two-headed ogre is burned terribly!
The two-headed ogre is almost dead. (Press . to intensify the flame waves.)
The two-headed ogre hits you with a +0 giant spiked club!!
Ouch! That really hurt!
* * * LOW HITPOINT WARNING * * *
The two-headed ogre hits you with a +0 giant club!
You die...

#'###'## .......#
.).....# ######'#
#__#..)#+###########
#__#...#....#.#. ..
#__#...##.#..#.# .#
#__#...'##.#.#.##O#
#__'...#...#..#.@#
▓▓▓▓▓▓▓▓▓▓▓▓▓▓▓▓▓▓


You could see a two-headed ogre (combustible).

Vanquished Creatures
  A deep elf pyromancer (D)
  A shadow (D)
  A spatial vortex (D)
  3 two-headed ogres (D)
  A necrophage (D)
  A water elemental (D)
  A jelly (D)
  Crazy Yiuf (D)
  A necromancer (D)
  A wizard (D)
  3 humans (D)
  A kobold demonologist (D)
  An endoplasm (D)
  3 rats (D)
20 creatures vanquished.

Vanquished Creatures (others)
  44 foxfires (D)
44 creatures vanquished.

Grand Total: 64 creatures vanquished

Notes
Turn   | Place    | Note
-------+----------+-------------------------------------------
     0 | D        | mhtbhm the Deep Elf Fire Elementalist began the quest for
                  | the Orb.
     0 | D        | Reached XP level 1. HP: 10/10 MP: 6/6
   305 | D        | Reached skill level 4 in Spellcasting
   305 | D        | Reached skill level 5 in Fire Magic
   305 | D        | Reached XP level 2. HP: 6/15 MP: 2/9
   484 | D        | Learned a level 2 spell: Scorch
   586 | D        | Noticed Crazy Yiuf
   591 | D        | Killed Crazy Yiuf
   592 | D        | Reached skill level 5 in Spellcasting
   592 | D        | Reached XP level 3. HP: 19/19 MP: 5/11
   672 | D        | Gained mutation: You are clumsy. (Dex -2) [potion of
                  | mutation]
   672 | D        | Gained mutation: You are partially covered in large bone
                  | plates. (SH +4) [potion of mutation]
   673 | D        | Lost mutation: You are clumsy. (Dex -2) [potion of
                  | mutation]
   673 | D        | Lost mutation: You are partially covered in large bone
                  | plates. (SH +4) [potion of mutation]
   673 | D        | Gained mutation: You are partially covered in large bone
                  | plates. (SH +4) [potion of mutation]
   673 | D        | Gained mutation: You are strong-willed. (Will+) [potion of
                  | mutation]
   693 | D        | Learned a level 3 spell: Conjure Flame
   697 | D        | Learned a level 3 spell: Inner Flame
   699 | D        | Noticed a water elemental
   703 | D        | Killed a water elemental
   704 | D        | Reached skill level 6 in Spellcasting
   704 | D        | Reached XP level 4. HP: 24/24 MP: 5/14
   774 | D        | Learned a level 4 spell: Flame Wave
   777 | D        | Found a radiant altar of Vehumet.
   777 | D        | Found a shimmering blue altar of Sif Muna.
   777 | D        | Found an ancient bone altar of Kikubaaqudgha.
   777 | D        | Noticed a wizard
   780 | D        | Killed a wizard
   781 | D        | Reached skill level 7 in Spellcasting
   781 | D        | Reached XP level 5. HP: 28/28 MP: 7/16
   843 | D        | Became a worshipper of Vehumet
   978 | D        | Found a basalt altar of Yredelemnul.
   978 | D        | Found a shadowy altar of Dithmenos.
   978 | D        | Found a sacrificial altar of Ru.
   982 | D        | HP: 1/27 [necrophage (2)]
   983 | D        | Reached skill level 8 in Spellcasting
   984 | D        | Reached skill level 5 in Stealth
   984 | D        | Reached skill level 9 in Spellcasting
  1291 | D        | Found a glowing silver altar of Zin.
  1291 | D        | Found a glowing golden altar of the Shining One.
  1291 | D        | Found a white marble altar of Elyvilon.
  1291 | D        | Noticed a deep elf pyromancer
  1294 | D        | Killed a deep elf pyromancer
  1294 | D        | Reached * piety under Vehumet
  1294 | D        | Offered knowledge of Shock by Vehumet.
  1295 | D        | Reached skill level 5 in Dodging
  1295 | D        | Reached skill level 12 in Spellcasting
  1295 | D        | Reached skill level 5 in Conjurations
  1295 | D        | Reached XP level 6. HP: 32/32 MP: 17/23
  1295 | D        | Reached XP level 7. HP: 36/36 MP: 17/24
  1334 | D        | Found a hide-covered altar of Uskayaw.
  1334 | D        | Found an iron altar of Okawaru.
  1334 | D        | Found a bloodstained altar of Trog.
  1334 | D        | Found an ornate altar of the Wu Jian Council.
  1334 | D        | Noticed a human
  1334 | D        | Noticed a human
  1337 | D        | Killed a human
  1338 | D        | Reached skill level 13 in Spellcasting
  1340 | D        | Killed a human
  1456 | D        | Learned a level 2 spell: Wereblood
  1461 | D        | Noticed a shadow
  1466 | D        | Killed a shadow
  1466 | D        | Reached ** piety under Vehumet
  1466 | D        | Offered knowledge of Sandblast by Vehumet.
  1467 | D        | Reached skill level 14 in Spellcasting
  1467 | D        | Reached XP level 8. HP: 41/41 MP: 16/28
  1527 | D        | Found a blossoming altar of Fedhas.
  1527 | D        | Found a stormy altar of Qazlal.
  1527 | D        | Found a snail-covered altar of Cheibriados.
  1527 | D        | Found a burning altar of Makhleb.
  1527 | D        | Found a shimmering altar of Xom.
  1528 | D        | Found a hazy altar of Hepliaklqana.
  1528 | D        | Found an opulent altar of Gozag.
  1528 | D        | Found a sparkling altar of Nemelex Xobeh.
  1528 | D        | Found a corrupted altar of Lugonu.
  1528 | D        | Found a viscous altar of Jiyva.
  1642 | D        | Learned a level 1 spell: Sandblast
  1659 | D        | Offered knowledge of Static Discharge by Vehumet.
  1671 | D        | Reached *** piety under Vehumet
  1687 | D        | Reached skill level 15 in Spellcasting
  1839 | D        | Noticed a two-headed ogre
  1842 | D        | Mangled by a two-headed ogre

Illustrated notes

Levels and vault maps discovered:
D:        dungeon_sprint_mu [sprint_mu_entry_forest, sprint_mu_temple_rooms,
          sprint_mu_d1_spiders, sprint_mu_d2_genie, sprint_mu_d3_branching,
          sprint_mu_orc_legion, sprint_mu_elf_gauntlet, sprint_mu_hive_nellie,
          sprint_mu_lair_fedhas, sprint_mu_vaults_butterflies,
          sprint_mu_slime_circle, sprint_mu_swamp_cave, sprint_mu_shoals_archi,
          sprint_mu_blade_basic, sprint_mu_crypt_fortress,
          sprint_mu_tomb_spiral, sprint_mu_vestibule_basic,
          sprint_mu_gehenna_hellfire, sprint_mu_dis_giant,
          sprint_mu_tartarus_statrot, sprint_mu_cocytus_islands, sprint_mu_zot1]

Skill      XL: |  1  2  3  4  5  6  7  8 |
---------------+-------------------------+-----
Fire Magic     | 5 6 7 8 12 13 | 13.9
Dodging        | 3 4 5 |  5.8
Stealth        | 3 4 5 6 |  6.0
Spellcasting   | 4 5 6 7 12 14 15 | 15.0
Conjurations   | 2 3 5 6 |  6.5
Shields        | |  0.2
Transmutations | |  0.3
Earth Magic    | |  0.4

Action                   |  1- 3 |  4- 6 |  7- 9 || total
-------------------------+-------+-------+-------++-------
 Cast: Foxfire           |    24 |       |     5 ||    29
       Scorch            |     4 |     7 |    17 ||    28
       Flame Wave        |       |     2 |     9 ||    11
       Sandblast         |       |       |     1 ||     1
       Wereblood         |       |       |     1 ||     1
  Use: Potion            |     4 |       |     1 ||     5
Armor: Robe              |       |       |     1 ||     1
Dodge: Dodged            |     9 |     3 |     2 ||    14
Block: Other             |       |       |     2 ||     2

Table legend: (Time is in decaauts)
 A = Elapsed time spent in this place.
 B = Non-inter-level travel time spent in this place.
 C = Inter-level travel time spent in this place.
 D = Time resting spent in this place.
 E = Time spent auto-exploring this place.
 F = Levels seen in this place.
 G = Mean time per level.
                   A        B        C        D        E       F      G
               +--------+--------+--------+--------+--------+-----+--------+
         Total |   1827 |   1827 |      0 |   1478 |      1 |   1 | 1827.0 |
       Dungeon |   1827 |   1827 |      0 |   1478 |      1 |   1 | 1827.0 |
               +--------+--------+--------+--------+--------+-----+--------+

Top non-repeatable levels by time:
       D: 1827 daAuts
